 Dungeon Crawl Stone Soup version 0.31-a0-968-g24f9ace8b5 (webtiles) character file.

Game seed: 17153652673218423734

12705 CowFu the Mimic (level 11, 0/80 HPs)
             Began as a Yellow Draconian Shapeshifter on Oct 28, 2023.
             Was an Elder of Hepliaklqana.
             Slain by a sixfirhy (3 damage)
             ... on level 2 of the Abyss.
             The game lasted 00:18:13 (12759 turns).

CowFu the Mimic (Yellow Draconian Shapeshifter)    Turns: 12759, Time: 00:18:13

Health: 0/80       AC: 20    Str: 26    XL:     11   Next: 65%
Magic:  11/11      EV: 14    Int: 11    God:    Hepliaklqana [****..]
Gold:   1006       SH:  0    Dex: 11    Spells: 10/10 levels left

rFire   . .          .
                       - Unarmed
rCold   . . .        (shield currently unavailable)
rNeg    . . .        (body armour unavailable)
rPois   .            F - +2 hat
rElec   .            e - +0 cloak
rCorr   +            j - +2 pair of gloves
SInv    .            f - +2 pair of boots
Will    .....        w - amulet of the acrobat
Stlth   +            B - +6 ring of strength
HPRegen 0.33/turn    E - +4 ring of protection
MPRegen 0.12/turn

%: acrobat
@: flux-form, glowing
A: glow, contaminating, reduced essence, spit acid, AC +7, unfitting armour,
cold-blooded, acid resistance
a: Breathe Acid, Begin Untransformation, Renounce Religion, Recall Ancestor,
Ancestor Identity, Transference, Idealise


You were on level 2 of the Abyss.
You worshipped Hepliaklqana.
Hepliaklqana was greatly pleased with you.
You were something dangerously unstable.
You visited 2 branches of the dungeon, and saw 12 of its levels.
You visited the Abyss 1 time.
You also visited: Ossuary.

You collected 1305 gold pieces.
You spent 299 gold pieces at shops.

Inventory:

Armour
 e - a +0 cloak (worn)
 f - a +2 pair of boots (worn)
 j - a +2 pair of gloves (worn)
 F - a +2 hat (worn)
Jewellery
 w - an amulet of the acrobat (around neck)
 B - a +6 ring of strength (left hand)
 E - a +4 ring of protection (right hand)
Talismans
 b - a beast talisman
 c - a flux talisman (active)
Wands
 o - a wand of polymorph (17)
 t - a wand of flame (46)
Scrolls
 d - 11 scrolls of teleportation
 k - 2 scrolls of vulnerability
 r - a scroll of amnesia
 u - a scroll of blinking
 x - a scroll of brand weapon {unknown}
 y - a scroll of butterflies {unknown}
 A - 5 scrolls of immolation
 C - 2 scrolls of revelation
Potions
 a - 2 potions of lignification
 g - 3 potions of mutation
 h - 2 potions of magic
 i - 2 potions of haste
 l - 2 potions of invisibility
 m - a potion of attraction
 n - 2 potions of cancellation
 p - 5 potions of curing
 q - 3 potions of ambrosia
 s - 2 potions of might
 v - 2 potions of enlightenment
 G - 2 potions of brilliance


   Skills:
 - Level 6.0 Fighting
 - Level 6.0 Dodging
 - Level 6.0 Stealth
 + Level 9.3 Unarmed Combat
 + Level 13.5 Shapeshifting


You had 10 spell levels left.
You didn't know any spells.
Your spell library contained the following spells:

 Spells                   Type           Power      Damage    Failure   Level
 Slow                     Hex            0%         N/A       34%         1
 Summon Small Mammal      Summ           0%         N/A       34%         1
 Blink                    Tloc           0%         N/A       47%         2
 Cigotuvi's Dreadful Rot  Necr/Pois/Air  0%         N/A       47%         2
 Lesser Beckoning         Tloc           0%         N/A       47%         2
 Call Canine Familiar     Summ           0%         N/A       71%         3
 Confusing Touch          Hex            0%         N/A       71%         3
 Gell's Gravitas          Tloc           0%         N/A       71%         3
 Sigil of Binding         Hex            0%         N/A       71%         3
 Summon Guardian Golem    Hex/Summ       0%         N/A       71%         3
 Teleport Other           Tloc           0%         N/A       71%         3
 Vampiric Draining        Necr           0%         2d6       71%         3
 Dispel Undead            Necr           0%         3d6       98%         4
 Manifold Assault         Tloc           0%         N/A       98%         4
 Death Channel            Necr           0%         N/A       100%        6


Dungeon Overview and Level Annotations

Branches:
Dungeon (11/15)            Temple (1/1) D:4            Lair (0/5) D:11
    Orc (0/2) D:11        Ossuary (visited)

Altars:
Ashenzari
Cheibriados
Dithmenos
Elyvilon
Fedhas
Gozag
Hepliaklqana
Kikubaaqudgha
Makhleb
Nemelex Xobeh
Okawaru
Qazlal
Ru
Sif Muna
Trog
Uskayaw
Vehumet
Wu Jian
Xom
Yredelemnul
Zin
The Shining One

Shops:
D:5 !   D:6 (

Annotations:
D:4 3 runed translucent doors, Dittersdorf's ghost, amateur GrFi; gebbletook2's ghost, amateur OpSh; kd29's ghost, amateur GrEE
D:6 2 transporters, IdlyInterested's ghost, novice DsGl
D:11 Erolcha


Innate Abilities, Weirdness & Mutations

You are something dangerously unstable.
You glow with magical radiation, making you easy to see and hit.
Foes you strike become dangerously contaminated with magical radiation.
You are incapable of wielding weapons or throwing items.
Your life essence is reduced to manifest your ancestor. (-10% HP)
You can spit globs of acid.
Your golden yellow scales are hard. (AC +7)
You cannot fit into any form of body armour.
You are cold-blooded and may be slowed by cold attacks.
You are resistant to acid. (rCorr)


Message History

The chaos spawn is almost dead.
You feel sick.
The chaos spawn hits you but does no damage.
You punch the chaos spawn!
You kill the chaos spawn!
The chaos spawn degenerates into a cloud of primal chaos!
Okay, then.
You swap places.
You feel sick.
You swap places.
You feel sick.
You feel sick.
You feel sick.
You are no longer poisoned.
The sixfirhy misses you.
The sixfirhy hits you but does no damage.
You completely miss the sixfirhy.
The sixfirhy hits you but does no damage.
You miss the sixfirhy.
Xochipepe hits the sixfirhy with a +0 dagger of draining. x2
You miss the sixfirhy.
The sixfirhy is moderately wounded.
Xochipepe gestures at the sixfirhy while chanting.
The sixfirhy resists with almost no effort.
You hit the sixfirhy.
The sixfirhy begins to glow.
Your tail-slap misses the sixfirhy.
The sixfirhy is moderately wounded.
The sixfirhy completely misses you. The sixfirhy hits you!
The sixfirhy shocks you!
The sixfirhy hits you but does no damage.
Xochipepe hits the sixfirhy with a +0 dagger of draining!
You hit the sixfirhy.
The sixfirhy glows dangerously bright.
Your tail-slap misses the sixfirhy.
The sixfirhy is heavily wounded.
The sixfirhy hits you. The sixfirhy shocks you!
* * * LOW HITPOINT WARNING * * *
The sixfirhy hits you.
* * * LOW HITPOINT WARNING * * *
The sixfirhy shocks you!
* * * LOW HITPOINT WARNING * * *
The sixfirhy hits you.
You die...

.# . ## #
#.##########
#..
#...........#
##. #
##.###.####.
.. # #
#.#....## #..
## .#..pR.#
.... .##.3.##
# . .####
###.## # . #
..# # ...##
#.# # #.. #'#
.. #..# ... .
# # ...


You could see the friendly Xochipepe the hexer and a sixfirhy (heavy contam,
ally target).

Vanquished Creatures
  2 two-headed ogres
  A boulder beetle (D:11)
  Lodul (D:11)
  A manticore (D:10)
  A smoke demon (Abyss:2)
  Maggie (D:10)
  A gargoyle (D:11)
  A komodo dragon (D:11)
  An efreet (Abyss:2)
  An unseen horror (D:11)
  A troll (D:11)
  2 wraiths (D:11)
  2 shadows
  A chaos spawn (Abyss:2)
  2 wargs (D:11)
  Edmund (D:4)
  An acid dragon (D:4)
  A water moccasin (D:5)
  2 orc warriors (D:11)
  An ice beast (D:6)
  3 centaurs
  5 ogres
  2 phantoms
  Blork the orc (D:6)
  2 bullfrogs (D:8)
  A gnoll sergeant (D:9)
  4 scorpions
  13 wights
  10 killer bees
  A howler monkey (D:8)
  A human zombie (Ossuary)
  A hound (D:6)
  A jelly (D:6)
  A bullfrog skeleton (D:7)
  2 orc priests
  4 scorpion zombies (D:7)
  Crazy Yiuf (D:3)
  Natasha (thrice) (D:4)
  2 sleepcaps
  An iguana (D:6)
  7 orc wizards
  2 mummies (Ossuary)
  9 adders
  11 gnolls
  A howler monkey skeleton (D:7)
  2 white imps (D:6)
  3 ufetubi (D:6)
  3 worms (D:2)
  3 dart slugs
  22 orcs
  7 ball pythons
  6 endoplasms
  3 giant cockroaches
  2 gnoll zombies (Ossuary)
  9 goblins
  7 hobgoblins
  3 quokkas
  3 bats
  3 frilled lizards
  3 goblin zombies (Ossuary)
  4 hobgoblin zombies (Ossuary)
  11 kobolds
  4 orc zombies (Ossuary)
  8 rats
  A spectral orc (D:10)
221 creatures vanquished.

Vanquished Creatures (collateral kills)
  Fannar (D:11)
  A two-headed ogre (D:8)
  A steam dragon (D:8)
  2 orc warriors
  A sky beast (D:7)
  6 ogres
  A centaur (D:10)
  2 bullfrogs
  6 wights
  A howler monkey (D:9)
  4 orc priests
  4 orc wizards
  A gnoll (D:9)
  A shadow imp (D:8)
  A white imp (D:7)
  An ufetubus (D:6)
  12 orcs
46 creatures vanquished.

Vanquished Creatures (others)
  An orc priest (D:7)
  4 hexers
  An ancestor (D:6)
6 creatures vanquished.

Grand Total: 273 creatures vanquished

Notes
Turn   | Place    | Note
-------+----------+-------------------------------------------
     0 | D:1      | CowFu the Draconian Shapeshifter began the quest for the
                  | Orb.
     0 | D:1      | Reached XP level 1. HP: 16/16 MP: 1/1
   205 | D:1      | Reached XP level 2. HP: 21/23 MP: 2/2
   314 | D:1      | Found a faded altar of an unknown god.
   711 | D:2      | Reached XP level 3. HP: 13/28 MP: 3/3
  1125 | D:2      | Reached XP level 4. HP: 29/35 MP: 4/4
  1164 | D:2      | Reached skill level 4 in Shapeshifting
  2111 | D:3      | Reached XP level 5. HP: 40/40 MP: 5/5
  2133 | D:3      | Found a runed translucent door.
  2134 | D:3      | Noticed Crazy Yiuf
  2620 | D:3      | Killed Crazy Yiuf
  2783 | D:4      | Found a staircase to the Ecumenical Temple.
  2799 | Temple   | Entered the Ecumenical Temple
  2806 | Temple   | Became a worshipper of Hepliaklqana the Forgotten
  2877 | D:4      | Noticed an acid dragon
  2891 | D:4      | Killed an acid dragon
  2892 | D:4      | Reached skill level 5 in Unarmed Combat
  2892 | D:4      | Reached XP level 6. HP: 5/47 MP: 6/6
  3140 | D:4      | Noticed Edmund
  3145 | D:4      | Reached skill level 12 in Shapeshifting
  3145 | D:4      | Your scales start taking on a golden yellow colour.
  3145 | D:4      | Reached XP level 7. HP: 52/52 MP: 7/7
  3145 | D:4      | Gained mutation: You are resistant to acid. (rCorr) [Yellow
                  | Draconian growth]
  3162 | D:4      | Killed Edmund
  3322 | D:4      | Noticed Natasha
  3331 | D:4      | Killed Natasha
  3454 | D:4      | Found a runed translucent gate.
  3454 | D:4      | Found a runed translucent gate.
  3455 | D:4      | Noticed gebbletook2's ghost (amateur OpSh)
  3456 | D:4      | Found a runed translucent gate.
  3456 | D:4      | Noticed kd29's ghost (amateur GrEE)
  3456 | D:4      | Noticed gebbletook2's ghost (amateur OpSh)
  3456 | D:4      | Noticed Dittersdorf's ghost (amateur GrFi)
  3783 | D:4      | Noticed Natasha
  3797 | D:4      | Killed Natasha
  4186 | D:4      | Noticed Natasha
  4198 | D:4      | Killed Natasha
  4262 | D:5      | Entered Level 5 of the Dungeon
  4537 | D:5      | Reached XP level 8. HP: 29/59 MP: 8/8
  4754 | D:5      | Reached skill level 1 in Stealth
  4944 | D:5      | Reached * piety under Hepliaklqana
  5189 | D:5      | Found a transporter.
  5189 | D:5      | Found Gosux's Distillery.
  5225 | D:5      | Found a transporter.
  5619 | D:5      | Identified the +3 ring mail "Axirycet" {Regen+}
  5707 | D:5      | Bought a potion of heal wounds for 65 gold pieces
  5707 | D:5      | Bought a potion of berserk rage for 65 gold pieces
  5707 | D:5      | Bought a potion of curing for 39 gold pieces
  5707 | D:5      | Bought a potion of haste for 130 gold pieces
  6127 | D:6      | Found Naopp's Weapon Shoppe.
  6330 | D:6      | Noticed IdlyInterested's ghost (novice DsGl)
  6537 | D:6      | Noticed Blork the orc
  6546 | D:6      | Killed Blork the orc
  6547 | D:6      | Reached XP level 9. HP: 55/61 MP: 9/9
  6608 | D:6      | Found a transporter.
  6613 | D:6      | Found a transporter.
  7015 | D:7      | Reached ** piety under Hepliaklqana
  7016 | D:7      | Remembered your ancestor Xochipepe as a hexer
  7064 | D:7      | Identified the +5 spear of Dominance {spect, rC+}
  7172 | D:7      | Found a sand-covered staircase.
  7183 | Ossuary  | Entered an ossuary
  7862 | D:8      | Identified the +6 rapier of Invincibility {speed, rElec rF-
                  | rC+++ rCorr}
  8212 | D:8      | Reached XP level 10. HP: 31/72 MP: 10/10
  8431 | D:8      | Identified the +4 short sword of Qazlal's Indignation
                  | {drain, rCorr Dex+4}
  8602 | D:9      | Found a stormy altar of Qazlal.
  8615 | D:9      | Found a sparkling altar of Nemelex Xobeh.
  8631 | D:9      | Reached skill level 5 in Fighting
  8654 | D:9      | Reached *** piety under Hepliaklqana
  8784 | D:9      | Noticed a two-headed ogre
  8785 | D:9      | Noticed a two-headed ogre
  8927 | D:8      | Killed a two-headed ogre
  9093 | D:9      | Killed a two-headed ogre
  9094 | D:9      | Reached skill level 5 in Dodging
  9094 | D:9      | Reached skill level 5 in Stealth
  9586 | D:10     | Entered Level 10 of the Dungeon
  9589 | D:10     | Noticed a manticore
  9598 | D:10     | Killed a manticore
 10003 | D:10     | Noticed Maggie
 10011 | D:10     | Killed Maggie
 10179 | D:10     | Reached **** piety under Hepliaklqana
 10508 | D:10     | Noticed a two-headed ogre
 10517 | D:10     | Killed a two-headed ogre
 10518 | D:10     | Reached skill level 13 in Shapeshifting
 10854 | D:10     | Found a basalt altar of Yredelemnul.
 10913 | D:11     | Reached XP level 11. HP: 48/77 MP: 11/11
 11007 | D:11     | Noticed Fannar
 11021 | D:11     | Killed Fannar
 11188 | D:11     | Found a staircase to the Orcish Mines.
 11357 | D:11     | Noticed Lodul
 11424 | D:11     | Killed Lodul
 11561 | D:11     | Found a staircase to the Lair.
 11561 | D:11     | Noticed Erolcha
 11577 | D:11     | HP: 3/79 [warg (10)]
 12130 | D:11     | Found the +7 staff of the Meek {protect, meekguard}
 12339 | D:11     | Noticed a boulder beetle
 12349 | D:11     | Killed a boulder beetle
 12663 | Abyss:2  | Cast into level 2 of the Abyss (Erolcha)
 12696 | Abyss:2  | Found a corrupted altar of Lugonu.
 12737 | Abyss:2  | Noticed a sixfirhy
 12759 | Abyss:2  | HP: 3/80 [sixfirhy (11)]
 12759 | Abyss:2  | Slain by a sixfirhy

Illustrated notes

Levels and vault maps discovered:
D:1:      saegor_arrival_simple_b, layout_basic,
          hellmonk_ecumenical_altar_zigzags
D:2:      layout_basic
D:3:      layout_loops_corners, grunt_ministairs_4, uniq_crazy_yiuf_cottage
D:4:      layout_basic, minmay_temple_entry_arrows, gammafunk_ghost_cemetery,
          st_stairs_1, nicolae_tricolors, uniq_natasha, uniq_edmund
D:5:      nicolae_BIG_FREAKIN_CUBE, layout_basic, serial_shops,
          nicolae_shop_drivethru
D:6:      layout_loops_ring, gammafunk_ghost_hive, serial_shops,
          nicolae_shop_bloodbath_and_beyond, uniq_blork_the_orc
D:7:      layout_rooms, mainiacjoe_ossuary_entry_find_the_door
D:8:      layout_cave_pools
D:9:      layout_rooms, chequers_temple_overflow_statue_of_worship
D:10:     layout_layer_cave, yredelemnul_forgotten_temple_becter,
          small_statue_intersection, grunt_decor_arrowhead, uniq_maggie
D:11:     layout_grid_maze, erik_lair_orcish_takeover, david_orc_2,
          serial_co_window_serial, co_window_paths_b,
          co_window_of_opportunity_a, co_window_of_opportunity_a,
          co_window_corner_a, co_window_paths_a, co_window_paths_a,
          co_window_paths_a, co_window_of_opportunity_a, co_window_corner_a,
          co_window_paths_c, co_window_unsneaky_path_a, co_window_paths_c,
          co_window_paths_e, glass_columns_b, glass_columns_c, glass_columns_a,
          glass_columns_a, uniq_lodul, uniq_fannar, uniq_erolcha
Temple:   compressed_dpeg_triangle_lava_temple
Abyss:2:  base: D:3, hangedman_abyss_or_decor_stagger

Skill      XL: |  1  2  3  4  5  6  7  8  9 10 11 |
---------------+----------------------------------+-----
Unarmed Combat | 4 5 6 7 8 9 |  9.3
Shapeshifting  | 4 12 13 | 13.5
Dodging        | 2 4 5 6 |  6.0
Stealth        | 2 3 5 6 |  6.0
Fighting       | 2 4 5 6 |  6.0

Action                     |  1- 3 |  4- 6 |  7- 9 | 10-12 || total
---------------------------+-------+-------+-------+-------++-------
  Melee: Unarmed           |   116 |    93 |   438 |   263 ||   910
         Tailslap          |    15 |    10 |    67 |    47 ||   139
         Punch             |     1 |     2 |       |       ||     3
 Invoke: Ancestor Life: He |       |       |     1 |       ||     1
Ability: Breathe Acid      |       |       |     2 |     3 ||     5
    Use: Scroll            |       |    10 |     7 |    10 ||    27
         Potion            |       |     1 |     3 |     4 ||     8
   Stab: Sleeping          |       |     1 |       |       ||     1
         Distracted        |       |       |     3 |     4 ||     7
         Confused          |       |       |     2 |     4 ||     6
 Armour: Skin              |    56 |    39 |   289 |   159 ||   543
  Dodge: Dodged            |    63 |    57 |   337 |   167 ||   624
   Form: Flux              |       |       |     1 |       ||     1

Table legend: (Time is in decaauts)
 A = Elapsed time spent in this place.
 B = Non-inter-level travel time spent in this place.
 C = Inter-level travel time spent in this place.
 D = Time resting spent in this place.
 E = Time spent auto-exploring this place.
 F = Levels seen in this place.
 G = Mean time per level.
                   A        B        C        D        E       F      G
               +--------+--------+--------+--------+--------+-----+--------+
         Total |  12704 |  12080 |    624 |      0 |   9895 |  14 |  907.4 |
       Dungeon |  12459 |  11847 |    612 |      0 |   9809 |  11 | 1132.6 |
        Temple |     14 |      2 |     12 |      0 |      0 |   1 |   14.0 |
         Abyss |     91 |     91 |      0 |      0 |     23 |   1 |   91.0 |
       Ossuary |    138 |    138 |      0 |      0 |     63 |   1 |  138.0 |
               +--------+--------+--------+--------+--------+-----+--------+

Top non-repeatable levels by time:
    D:11: 1766 daAuts
     D:4: 1593 daAuts
     D:5: 1568 daAuts
    D:10: 1311 daAuts
     D:3: 1238 daAuts
     D:8: 1208 daAuts
     D:6: 1103 daAuts
     D:1: 781 daAuts
     D:9: 740 daAuts
     D:2: 651 daAuts
     D:7: 496 daAuts
 Ossuary: 138 daAuts
 Abyss:2: 91 daAuts
  Temple: 14 daAuts
